 Dungeon Sprint DCSS version 0.31-a0-18-gea43df2a32 (webtiles) character file.

Game seed: 496365435572690233

443 Conn the Arsonist (level 7, -5/41 HPs)
             Began as an Octopode Fire Elementalist on May 10, 2023.
             Was an Initiate of Sif Muna.
             Slain by Sonja
             ... wielding a +1 short sword of distortion
              (6 damage)
             ... in the Dungeon (Sprint I: "Red Sonja").
             The game lasted 00:04:22 (414 turns).

Conn the Arsonist (Octopode Fire Elementalist)       Turns: 414, Time: 00:04:23

Health: -5/41      AC:  1    Str: 15    XL:     7   Next: 2%
Magic:  25/28      EV: 14    Int: 17    God:    Sif Muna [......]
Gold:   42         SH:  0    Dex: 11    Spells: 13/23 levels left

rFire   . . .        (no weapon)
rCold   . . .        (no shield)
rNeg    . . .        (helmet restricted)
rPois   .            (no amulet)
rElec   .            i - ring of magical power
rCorr   .            (no ring)
SInv    .            (no ring)
Will    .....        (no ring)
Stlth   ++           (no ring)
HPRegen 0.26/turn    (no ring)
MPRegen 0.21/turn    (no ring)
                     (no ring)

%: no teleportation, random rage (3%)
@: confused, attractive, hasted, very quick
A: almost no armour, amphibious, 8 rings, camouflage 1, gelatinous body 1,
(nimble swimmer 1), tentacles, berserk 1, passive freeze, strong 2
a: Renounce Religion


You were in the Dungeon.
You worshipped Sif Muna.
Sif Muna was noncommittal.
You visited 1 branch You collected 302 gold pieces.
You spent 260 gold pieces at shops.

Inventory:

Jewellery
 i - a ring of magical power (left tentacle)
Wands
 e - a wand of charming (6)
Scrolls
 f - a scroll of blinking
 h - a scroll of identify {unknown}
Potions
 a - 3 potions of magic


   Skills:
 + Level 3.9 Dodging
 + Level 5.2 Stealth
 * Level 8.6 Spellcasting
 * Level 5.7 Conjurations
 + Level 9.1 Fire Magic


You had 13 spell levels left.
You knew the following spells:

 Your Spells              Type           Power      Damage    Failure   Level
a - Foxfire               Conj/Fire      100%       2x1d9     1%          1
b - Scorch                Fire           76%        2d8       1%          2
c - Inner Flame           Hex/Fire       22%        N/A       4%          3
d - Flame Wave            Conj/Fire      32%        2d9       4%          4

Your spell library contained the following spells:

 Spells                   Type           Power      Damage    Failure   Level
 Volatile Blastmotes      Fire/Tloc      44%        2d13      4%          3


Dungeon Overview and Level Annotations

Branches:
Dungeon (1/1)

Altars:
Cheibriados
Dithmenos
Elyvilon
Fedhas
Gozag
Hepliaklqana
Kikubaaqudgha
Nemelex Xobeh
Okawaru
Qazlal
Ru
Sif Muna
Trog
Uskayaw
Vehumet
Wu Jian
Yredelemnul
Zin
The Shining One

Shops:
D =

Annotations:
D Sonja


Innate Abilities, Weirdness & Mutations

You cannot wear most types of armour.
You are amphibious.
You can wear up to eight rings at the same time.
Your skin changes colour to match your surroundings (Stealth+).
Your rubbery body absorbs attacks. (AC +1, EV +1)
((You are camouflaged when in or above water. (Stealth+)))
You have tentacles for arms and can constrict up to eight enemies at once.
You sometimes lose your temper in combat.
A frigid envelope surrounds you and freezes all who hurt you.
Your muscles are very strong. (Str +8, Int/Dex -2)


Message History

You are too confused!
Unknown command.
Unknown command.
It was a potion of attraction.
You feel attractive to monsters. Sonja is attracted toward you.
It was a potion of mutation.
You feel extremely strange.
You feel a little pissed off.
Your skin feels very cold.
You feel stronger. x2
Sonja hits you with a +1 short sword of distortion.
Space warps horribly around you!
Sonja is very cold.
Sonja is moderately wounded.
Sonja misses you. Sonja closely misses you. x2
Sonja hits you with a +1 short sword of distortion.
Sonja is very cold.
Sonja is moderately wounded.
Sonja closely misses you.
You feel yourself speed up.
Sonja hits you with a +1 short sword of distortion.
Space warps around you!
Sonja is very cold.
Sonja is heavily wounded.
Sonja barely misses you. x2
You feel much better.
Sonja shouts, "Too slow!"
Sonja gestures wildly while chanting.
Sonja blinks!
You bump into the rock wall.
Sonja is attracted toward you.
Sonja zaps a wand.
Your will is overpowered!
You are more confused.
There is a radiant altar of Vehumet here.
You're too confused to move!
Sonja hits you with a +1 short sword of distortion!
Sonja is very cold.
Sonja is severely wounded.
Sonja hits you with a +1 short sword of distortion!
Space warps horribly around you!!
* * * LOW HITPOINT WARNING * * *
Sonja is very cold.
Sonja is almost dead.
Sonja hits you with a +1 short sword of distortion.
You die...

################
#<.#..'..#..'..#
#..)..#).'..#..+
#..#####'#####'#
#..####..#...#.#
#.)#__####..##[#
#..#_____##'#_.+
#⌠⌠#_.∩...'..._#
####_.._§##@.#'#
#_____###K#.#
####### #.###
$§$ $.$# ##.##
#+#


You could see Sonja.

Vanquished Creatures
  Sigmund (D)
  A yak (D)
  An ogre (D)
  A jelly (D)
  Ijyb (D)
5 creatures vanquished.

Vanquished Creatures (others)
  20 foxfires (D)
20 creatures vanquished.

Grand Total: 25 creatures vanquished

Notes
Turn   | Place    | Note
-------+----------+-------------------------------------------
     0 | D        | Conn the Octopode Fire Elementalist began the quest for the
                  | Orb.
     0 | D        | Reached XP level 1. HP: 11/11 MP: 3/3
     2 | D        | Noticed Ijyb
     9 | D        | Killed Ijyb
    10 | D        | Reached skill level 4 in Fire Magic
    10 | D        | Reached XP level 2. HP: 17/17 MP: 0/6
    10 | D        | Reached XP level 3. HP: 21/21 MP: 0/7
    68 | D        | Learned a level 2 spell: Scorch
    72 | D        | Learned a level 3 spell: Inner Flame
    72 | D        | Noticed an ogre
    77 | D        | Killed an ogre
    78 | D        | Reached skill level 5 in Spellcasting
    78 | D        | Reached skill level 6 in Fire Magic
    78 | D        | Reached XP level 4. HP: 27/27 MP: 2/11
   157 | D        | Learned a level 4 spell: Flame Wave
   157 | D        | Noticed Sigmund
   185 | D        | Killed Sigmund
   186 | D        | Reached skill level 8 in Fire Magic
   186 | D        | Reached XP level 5. HP: 19/31 MP: 9/14
   186 | D        | Reached XP level 6. HP: 22/36 MP: 10/16
   251 | D        | Found a shimmering blue altar of Sif Muna.
   252 | D        | Found an ornate altar of the Wu Jian Council.
   253 | D        | Found a radiant altar of Vehumet.
   257 | D        | Reached skill level 5 in Conjurations
   259 | D        | Became a worshipper of Sif Muna the Loreminder
   304 | D        | Found Rawninepp's Jewellery Emporium.
   304 | D        | Found an ancient bone altar of Kikubaaqudgha.
   304 | D        | Found a hazy altar of Hepliaklqana.
   304 | D        | Found a stormy altar of Qazlal.
   304 | D        | Found a hide-covered altar of Uskayaw.
   304 | D        | Found a blossoming altar of Fedhas.
   304 | D        | Found a bloodstained altar of Trog.
   304 | D        | Found an iron altar of Okawaru.
   304 | D        | Found a basalt altar of Yredelemnul.
   304 | D        | Found a glowing golden altar of the Shining One.
   304 | D        | Found a snail-covered altar of Cheibriados.
   304 | D        | Found a sacrificial altar of Ru.
   304 | D        | Found a glowing silver altar of Zin.
   304 | D        | Found a shadowy altar of Dithmenos.
   304 | D        | Found a white marble altar of Elyvilon.
   304 | D        | Noticed a yak
   313 | D        | Killed a yak
   314 | D        | Reached skill level 5 in Stealth
   314 | D        | Reached skill level 9 in Fire Magic
   314 | D        | Reached XP level 7. HP: 41/41 MP: 11/19
   316 | D        | Found an opulent altar of Gozag.
   317 | D        | Found a sparkling altar of Nemelex Xobeh.
   321 | D        | Bought a ring of magical power for 260 gold pieces
   406 | D        | Noticed Sonja
   409 | D        | Gained mutation: You sometimes lose your temper in combat.
                  | [potion of mutation]
   409 | D        | Gained mutation: A frigid envelope surrounds you and
                  | freezes all who hurt you. [potion of mutation]
   409 | D        | Gained mutation: Your muscles are strong. (Str +4, Int/Dex
                  | -1) [potion of mutation]
   409 | D        | Gained mutation: Your muscles are very strong. (Str +8,
                  | Int/Dex -2) [potion of mutation]
   414 | D        | HP: 1/41 [Sonja/+1 short sword of distortion (19)]
   414 | D        | Slain by Sonja

Illustrated notes

Levels and vault maps discovered:
D:        dungeon_sprint_1 [red_sonja_temple_1, red_sonja_temple_small_1]

Skill      XL: |  1  2  3  4  5  6 |
---------------+-------------------+-----
Stealth        | 3 4 5 |  5.2
Spellcasting   | 3 5 7 8 |  8.6
Conjurations   | 2 3 4 5 |  5.7
Fire Magic     | 4 6 8 9 |  9.1
Dodging        | 3 |  3.9

Action                     |  1- 3 |  4- 6 |  7- 9 || total
---------------------------+-------+-------+-------++-------
  Melee: Unarmed           |     3 |     2 |       ||     5
         Constrict         |     1 |       |       ||     1
         Tentacles         |     1 |       |       ||     1
   Cast: Foxfire           |     5 |     5 |     3 ||    13
         Scorch            |     1 |     5 |     1 ||     7
    Use: Potion            |     1 |     1 |     4 ||     6
  Dodge: Dodged            |       |     1 |     6 ||     7

Table legend: (Time is in decaauts)
 A = Elapsed time spent in this place.
 B = Non-inter-level travel time spent in this place.
 C = Inter-level travel time spent in this place.
 D = Time resting spent in this place.
 E = Time spent auto-exploring this place.
 F = Levels seen in this place.
 G = Mean time per level.
                   A        B        C        D        E       F      G
               +--------+--------+--------+--------+--------+-----+--------+
         Total |    422 |    422 |      0 |    227 |      0 |   1 |  422.0 |
       Dungeon |    422 |    422 |      0 |    227 |      0 |   1 |  422.0 |
               +--------+--------+--------+--------+--------+-----+--------+

Top non-repeatable levels by time:
       D: 422 daAuts
